[Event "Late-Titled-Tuesday-Blitz-June-25-2024"]
[Site "Chess.com"]
[Date "2024.06.25"]
[Round "5"]
[White "Cheer_Down"]
[Black "Onthequiet"]
[Result "1/2-1/2"]
[WhiteElo "2485"]
[BlackElo "2316"]
[TimeControl "180+1"]
[EndTime "14:56:50 PDT"]
[Termination "Game drawn by repetition"]

1. e4 c6 2. d4 d5 3. e5 Bf5 4.
h4 h5 5. Bd3 Bxd3 6. Qxd3 e6 7.
Bg5 Be7 8. Nf3 Nh6 9. Nc3 Nd7 10. Ne2 Nf5 11. Ng3 Nxg3 12. fxg3 Qa5+ 13. c3 Qb5 14.
Qxb5 cxb5 15. a4 bxa4 16. Rxa4 Nb6 17. Ra2 f6 18. Bf4 a6 19. Ke2 Rc8 20. Kd3 f5 21. b3 Kd7 22. Bd2 Rc6 23. Ng1 Ke8 24. Ne2 Kf7 25. Rf1 g6 26. Rc1 Rhc8 27. Nf4 Bf8 28. Nh3 Be7 29. Bg5 Bf8 30. Rac2 Bg7 31. Nf2 Bf8 32.
Nd1 Ba3 33. Ra1 Bf8 34. Bc1 Be7 35. Bf4 Bf8 36. Ne3 Be7 37. Rac1 Ba3 38. Rb1 Be7 39. Nd1 Bf8 40. Bg5 R6c7 41. Bc1 Rc6 42. Ra2 Be7 43. Ba3 Bd8 44. Bd6 g5 45. hxg5 Bxg5 46. Rc2 Nd7 47. Nf2 Bh6 48. Nh3 Kg6 49. Nf4+ Bxf4 50. gxf4 Rh8 51. Rbc1 Rhc8 52. c4 dxc4+ 53. bxc4 Nb6 54. Bc5 Nd7 55. Bd6 Nb6 56. Rc3 h4 57.
R1c2 Kh5 58. Bb4 Kg4 59. Ba5 Nd7 60. d5 Nc5+ 61. Kd4 R6c7 62. Bxc7 Rxc7 63. d6 Rc8 64. Rb2 Kxf4 65. Rf2+ Kg4 66. Rb2 Ne4 67. Re3 Nc5 68. Rb6 f4 69. Ra3 h3 70. gxh3+ Kf5 71. h4 Nd7 72.
Rxb7 Nxe5 73. Rf7+ Nxf7 74. Rxa6 Rd8 75. c5 f3 76. Ra7 Nxd6 77. cxd6 Rxd6+ 78. Ke3 e5 79.
Rf7+ Ke6 80. Rxf3 Rb6 81. Kf2 Rb4 82. Kg3 Rb1 83. Rf8 Rh1 84. h5 e4 85. Ra8 Rxh5 86.
Ra4 Rh7 87. Kf4 Rh4+ 88. Ke3 Rh2 89. Rxe4+ Kf5 90. Rf4+ Ke5 91. Re4+ Kf5 92. Rf4+ Ke5 93. Re4+ Kf5 1/2-1/2

[Event "Late-Titled-Tuesday-Blitz-June-25-2024"]
[Site "Chess.com"]
[Date "2024.06.25"]
[Round "5"]
[White "Romadk"]
[Black "N_I_Chess"]
[Result "1/2-1/2"]
[WhiteElo "2467"]
[BlackElo "2275"]
[TimeControl "180+1"]
[EndTime "14:57:34 PDT"]
[Termination "Game drawn by repetition"]

1. d4 Nf6 2. Nf3 d5 3. g3 Bf5 4. Bg2 e6 5. c4 c6 6. Nc3 Nbd7 7. Qb3 Qb6 8. c5 Qxb3 9. axb3 b6 10. b4 a5 11. cxb6 Bxb4 12. O-O Nxb6 13. Ne5 O-O 14. Nxc6 Rfc8 15. Ne5 Bxc3 16. bxc3 a4 17. Bb2 Nc4 18. Nxc4 Rxc4 19. Ra3 Rb8 20. Ba1 Bc2 21. Rc1 Bb3 22. e3 Rc7 23. Bf1 Ne4 24. f3 Nd2 25. Kf2 Kf8 26. Bd3 Bc4 27. Bc2 Bb3 28. Bd3 Nc4 29.
Bxc4 Rxc4 30. Bb2 Rbc8 31. Ke2 Ke7 32. Kd3 Kd7 33. e4 R4c6 34. Raa1 Bc4+ 35. Kd2 Rb6 36. Ba3 Rcb8 37. Bb4 Bb3 38. e5 Rc8 39. Rf1 g6 40. f4 Ra6 41. Ra3 Rac6 42. Rf2 h5 43.
h3 Rh8 44. Ra1 Rcc8 45. Bc5 Rce8 46. Kc1 Rc8 47. Kb2 Rc7 48. Ka3 Rb7 49. Rh1 Bc4 50.
Bb4 Bb3 51. Rfh2 Rbb8 52. g4 hxg4 53. hxg4 Rxh2 54. Rxh2 Rg8 55. Rh7 Ke8 56. Rh2 Kd7 57.
Rf2 Ke8 58. f5 gxf5 59. gxf5 Rh8 60. fxe6 fxe6 61. Rf6 Kd7 62. Rf7+ Kc6 63. Re7 Rh6 64. Re8 Kb5 65. Rb8+ Kc4 66. Rc8+ Kd3 67. Bd6 Kc2 68. Bf8 Rh1 69. Kb4 Rg1 70. Rc6 Rg6 71. Be7 Kb2 72. Ra6 Rg3 73. Bf6 Rxc3 74. Rxe6 a3 75. Ra6 a2 76. e6 Rc4+ 77. Kb5 a1=Q 78. Rxa1 Kxa1 79.
e7 Rc8 80. Be5 Re8 81. Bd6 Kb2 82. Kc6 Kc3 83. Kd7 Ba4+ 84. Ke6 Kc4 85. Bc7 Bb5 86. Be5 Ba4 87. Kd6 Bb5 88. Ke6 Rc8 89. Kd6 Be8 90. Ke6 Rc6+ 91. Kf5 Kb5 92. Bf6 Bd7+ 93. Ke5 Kc4 94. Bg5 Re6+ 95. Kf5 Rxe7+ 96. Kf4 Re4+ 97. Kf3 Bf5 98. Be3 Kc3 99. Bf4 Kd3 100. Be5 Re1 101. Bf4 Be4+ 102. Kg3 Kxd4 103. Kf2 Rd1 104. Bh6 Rd3 105. Bg7+ Kc4 106. Bf6 Rb3 107. Be7 d4 108. Bf6 Rf3+ 109. Ke2 Rh3 110. Kd2 Rh2+ 111. Kc1 d3 112. Be5 Kb3 113.
Bxh2 Kc3 114. Bf4 Kc4 115. Bd2 Kd4 116. Bh6 Bf3 117.
Bd2 Be4 118. Bh6 Bf3 119. Bd2 Be4 1/2-1/2

[Event "Late-Titled-Tuesday-Blitz-June-25-2024"]
[Site "Chess.com"]
[Date "2024.06.25"]
[Round "6"]
[White "FredddieCroderg"]
[Black "MoldyTofu"]
[Result "1-0"]
[WhiteElo "2340"]
[BlackElo "2040"]
[TimeControl "180+1"]
[EndTime "14:59:29 PDT"]
[Termination "FredddieCroderg won by resignation"]

1. e4 e6 2. d4 d5 3. exd5 Qxd5 4. Nf3 c5 5. c4 Qd8 6. d5 exd5 7. cxd5 Nf6 8. Nc3 Bd6 9. Bb5+ Bd7 10. O-O Bxb5 11. Re1+ Be7 12. Nxb5 a6 13. d6 axb5 14. Rxe7+ Kf8 15.
Ne5 1-0

[Event "Late-Titled-Tuesday-Blitz-June-25-2024"]
[Site "Chess.com"]
[Date "2024.06.25"]
[Round "6"]
[White "mouseslips_are_the_best"]
[Black "Gabrielian_Artur"]
[Result "0-1"]
[WhiteElo "2379"]
[BlackElo "2728"]
[TimeControl "180+1"]
[EndTime "14:59:49 PDT"]
[Termination "Gabrielian_Artur won by resignation"]

1. e4 c5 2. Nf3 d6 3. d4 cxd4 4. Nxd4 Nf6 5. Nc3 Nc6 6. Bc4 e6 7. Be3 a6 8. Qe2 Qc7 9. O-O-O Na5 10. Bd3 b5 11. a3 Rb8 12. f4 b4 13. axb4 Rxb4 14.
g4 Nc4 15. Bxc4 Rxc4 16. g5 Rxc3 17. bxc3 Nxe4 18. Bd2 d5 19. f5 Ba3+ 20. Kb1 Nxc3+ 21. Bxc3 Qxc3 0-1

[Event "Late-Titled-Tuesday-Blitz-June-25-2024"]
[Site "Chess.com"]
[Date "2024.06.25"]
[Round "6"]
[White "RodriQA"]
[Black "LUISMIGUELOV"]
[Result "0-1"]
[WhiteElo "2417"]
[BlackElo "2243"]
[TimeControl "180+1"]
[EndTime "14:59:49 PDT"]
[Termination "LUISMIGUELOV won by resignation"]

1. d4 d5 2. Nc3 Bf5 3. Bf4 Nf6 4. Nb5 Na6 5. e3 c6 6. Nc3 Nc7 7. Bd3 e6 8. Nge2 Bd6 9. h3 Bxf4 10. exf4 Bxd3 11.
Qxd3 b5 12. g4 b4 13. Na4 Ne4 14. f3 Qh4+ 15. Kf1 0-1

[Event "Late-Titled-Tuesday-Blitz-June-25-2024"]
[Site "Chess.com"]
[Date "2024.06.25"]
[Round "6"]
[White "AlejandroArias"]
[Black "JEHUBNER"]
[Result "1-0"]
[WhiteElo "2360"]
[BlackElo "1983"]
[TimeControl "180+1"]
[EndTime "15:00:23 PDT"]
[Termination "AlejandroArias won by resignation"]

1. e4 c5 2. Nf3 d6 3. Bb5+ Bd7 4. Bxd7+ Qxd7 5. c4 Nf6 6. Nc3 Nc6 7. d4 e6 8. d5 Nd8 9. e5 dxe5 10. Nxe5 Qc7 11. Qa4+ Nd7 12. Bf4 Bd6 13. Nb5 Qb8 14. Nxd7 Kxd7 15.
Nxd6+ Ke7 16. Nf5+ 1-0

[Event "Late-Titled-Tuesday-Blitz-June-25-2024"]
[Site "Chess.com"]
[Date "2024.06.25"]
[Round "6"]
[White "RTchess367"]
[Black "giomar27"]
[Result "0-1"]
[WhiteElo "2240"]
[BlackElo "2432"]
[TimeControl "180+1"]
[EndTime "15:00:43 PDT"]
[Termination "giomar27 won by resignation"]

1. Nf3 Nf6 2. g3 c5 3. c4 Nc6 4. Bg2 d5 5. cxd5 Nxd5 6. O-O e5 7. d3 Be7 8. b3 O-O 9. Bb2 f6 10. Nbd2 Be6 11. Rc1 Rc8 12. Ne4 b6 13. Qd2 Qd7 14.
Rfd1 Rfd8 15. Qc2 Nc7 16. Qb1 Nb5 17. Qa1 Nbd4 18. e3 Ne2+ 19. Kf1 Nxc1 20. Qxc1 Nb4 21. Ne1 Bh3 22. a3 Bxg2+ 23. Kxg2 Nd5 24. h3 f5 25. Nc3 Bf6 26. e4 Nxc3 27. Qxc3 fxe4 28. dxe4 Qxd1 0-1

[Event "Late-Titled-Tuesday-Blitz-June-25-2024"]
[Site "Chess.com"]
[Date "2024.06.25"]
[Round "6"]
[White "tgpgoat"]
[Black "IsaacWiebe"]
[Result "0-1"]
[WhiteElo "2503"]
[BlackElo "2377"]
[TimeControl "180+1"]
[EndTime "15:01:16 PDT"]
[Termination "IsaacWiebe won by resignation"]

1. Nf3 d5 2. g3 Bg4 3. Ne5 Bh5 4. g4 Bg6 5. h4 Qd6 6. d4 Be4 7. f3 f6 8. fxe4 fxe5 9. Bg2 exd4 10. O-O dxe4 11.
Bxe4 Nc6 12. Bf4 e5 13. Bg3 Nf6 14. Bf5 g6 15. g5 gxf5 16. gxf6 f4 17. Bf2 Rg8+ 18.
Kh1 Qd5+ 19. Kh2 0-1

[Event "Late-Titled-Tuesday-Blitz-June-25-2024"]
[Site "Chess.com"]
[Date "2024.06.25"]
[Round "6"]
[White "katharinareinecke"]
[Black "Chessdude1987"]
[Result "0-1"]
[WhiteElo "2048"]
[BlackElo "2362"]
[TimeControl "180+1"]
[EndTime "15:01:57 PDT"]
[Termination "Chessdude1987 won by checkmate"]

1. d4 e6 2. Nf3 f5 3. g3 Nf6 4. Bg2 Be7 5. O-O d6 6. c4 O-O 7. Nc3 Ne4 8. Nxe4 fxe4 9. Nd2 d5 10. c5 b6 11. cxb6 axb6 12. e3 c5 13. dxc5 bxc5 14.
b3 Ba6 15. Re1 Bf6 16. Rb1 Bd3 17. Bb2 Bxb1 18. Qxb1 Bxb2 19. Qxb2 Qf6 20. Qc2 Nc6 21.
Qxc5 Ne5 22. Qd6 Qxf2+ 23. Kh1 Qxe1+ 24. Bf1 Rxf1+ 25. Kg2 Qxd2+ 26. Kxf1 Rf8+ 27. Kg1 Qf2+ 28. Kh1 Qf1# 0-1

[Event "Late-Titled-Tuesday-Blitz-June-25-2024"]
[Site "Chess.com"]
[Date "2024.06.25"]
[Round "6"]
[White "MITerryble"]
[Black "Javokhir_Sindarov05"]
[Result "0-1"]
[WhiteElo "2974"]
[BlackElo "3076"]
[TimeControl "180+1"]
[EndTime "15:01:59 PDT"]
[Termination "Javokhir_Sindarov05 won by resignation"]

1. b3 e5 2. Bb2 Nc6 3. e3 g6 4.
Nf3 Bg7 5. d4 d6 6. dxe5 Nxe5 7.
Nxe5 Bxe5 8. Bxe5 dxe5 9. Qxd8+ Kxd8 10. Na3 Ke7 11. Nc4 f6 12. Na5 Nh6 13. O-O-O Rb8 14. Ba6 Nf7 15. Rd2 Rd8 16. Rhd1 Rxd2 17. Rxd2 Nd6 18.
Bd3 Be6 19. c4 c5 20. a3 Rc8 21. b4 cxb4 22. axb4 b6 0-1

[Event "Late-Titled-Tuesday-Blitz-June-25-2024"]
[Site "Chess.com"]
[Date "2024.06.25"]
[Round "6"]
[White "Raja3401"]
[Black "koncheto"]
[Result "1-0"]
[WhiteElo "2779"]
[BlackElo "2574"]
[TimeControl "180+1"]
[EndTime "15:02:00 PDT"]
[Termination "Raja3401 won by resignation"]

1. e4 c5 2. Nf3 d6 3. d4 cxd4 4.
Nxd4 Nf6 5. Nc3 Nc6 6. Bg5 e6 7. Qd3 a6 8. Nxc6 bxc6 9. O-O-O Be7 10. Qg3 O-O 11. e5 Nd5 12. Bxe7 Qxe7 13. exd6 Qb7 14. Ne4 Rb8 15. b3 Qb4 16. Bc4 a5 17. d7 Qa3+ 18.
Kb1 Nb4 19. Nc3 Ba6 20. Qxb8 1-0

[Event "Late-Titled-Tuesday-Blitz-June-25-2024"]
[Site "Chess.com"]
[Date "2024.06.25"]
[Round "6"]
[White "machupichu10"]
[Black "rhungaski"]
[Result "0-1"]
[WhiteElo "2825"]
[BlackElo "2650"]
[TimeControl "180+1"]
[EndTime "15:02:07 PDT"]
[Termination "rhungaski won by resignation"]

1. c4 e6 2. Nf3 d5 3. g3 Nf6 4. Bg2 Be7 5. O-O O-O 6. cxd5 exd5 7. d4 c6 8. Nc3 Bf5 9. Bf4 Nbd7 10. Nh4 Be6 11. Nf3 Bf5 12. a3 h6 13. b4 a6 14.
Na4 Ne4 15. Nc5 Qc8 16. Rc1 Nb6 17. Nd2 Nxd2 18. Qxd2 Bh3 19. Bxh3 Qxh3 20. Nxb7 Nc4 21. Rxc4 dxc4 22. Rc1 h5 23. Rxc4 h4 24. Rxc6 Rae8 25. d5 Qf5 26. Qd3 Qg4 27. Qf3 Qf5 28. e4 Qh7 29. g4 h3 30. Nd6 Bxd6 31. Bxd6 Rxe4 32. Rc1 Rfe8 33. Kf1 Qg6 34. Qxh3 Qxd6 0-1

[Event "Late-Titled-Tuesday-Blitz-June-25-2024"]
[Site "Chess.com"]
[Date "2024.06.25"]
[Round "6"]
[White "ArmanGhevondyanchess"]
[Black "petr577"]
[Result "1-0"]
[WhiteElo "2612"]
[BlackElo "2365"]
[TimeControl "180+1"]
[EndTime "15:02:11 PDT"]
[Termination "ArmanGhevondyanchess won by resignation"]

1. Nf3 Nf6 2. g3 g6 3. Bg2 Bg7 4. O-O O-O 5. d4 d6 6. b3 Nbd7 7. Bb2 e5 8. dxe5 Ng4 9. c4 Re8 10. Nc3 Ngxe5 11. Qd2 Nxf3+ 12. Bxf3 Rb8 13. Rad1 h5 14.
Rfe1 h4 15. Nd5 Ne5 16. Bg2 h3 17. Bh1 Bd7 18. f4 Ng4 19. Bxg7 Kxg7 20. e4 c6 21. Ne3 Qb6 22. Qd4+ Qxd4 23. Rxd4 Nf6 24. Rxd6 Bg4 25. e5 Rbd8 26. Rxd8 Kf8 1-0

[Event "Late-Titled-Tuesday-Blitz-June-25-2024"]
[Site "Chess.com"]
[Date "2024.06.25"]
[Round "6"]
[White "arnoldpetra"]
[Black "KebabJangles"]
[Result "0-1"]
[WhiteElo "2430"]
[BlackElo "2249"]
[TimeControl "180+1"]
[EndTime "15:02:15 PDT"]
[Termination "KebabJangles won by checkmate"]

1. d4 Nf6 2. c3 g6 3. Nf3 Bg7 4. h3 O-O 5. Bf4 d6 6. e3 b6 7. Be2 Bb7 8. a4 Nbd7 9. O-O a6 10. Na3 Re8 11. Bh2 Ne4 12. Re1 e5 13. Bf1 Qf6 14. dxe5 Nxe5 15. Be2 Rad8 16. Qc2 Nc5 17. Nxe5 dxe5 18.
Rad1 Be4 19. Qc1 Nb3 20. Rxd8 Rxd8 21. Bxa6 Nxc1 22. Rxc1 Bd3 23. Bxd3 Rxd3 24. Nb5 Rd2 25. Nxc7 Qxf2+ 26. Kh1 Qxg2# 0-1

[Event "Late-Titled-Tuesday-Blitz-June-25-2024"]
[Site "Chess.com"]
[Date "2024.06.25"]
[Round "6"]
[White "GrotBchess"]
[Black "IndianSchoolOfSuffering"]
[Result "0-1"]
[WhiteElo "2582"]
[BlackElo "2503"]
[TimeControl "180+1"]
[EndTime "15:02:22 PDT"]
[Termination "IndianSchoolOfSuffering won by checkmate"]

1. e4 e5 2. Nf3 Nc6 3. Bb5 a6 4. Ba4 Nf6 5. O-O b5 6. Bb3 Bc5 7. c3 d6 8. h3 Bb6 9. d4 O-O 10. a4 Rb8 11. a5 Ba7 12. dxe5 Nxe5 13. Nxe5 dxe5 14. Qe2 Bb7 15. Bg5 h6 16. Bxf6 Qxf6 17.
Nd2 Rbd8 18. Nf3 Rd6 19. c4 b4 20. Rad1 Rfd8 21. Rd5 Bxd5 22. cxd5 Bd4 23. Nh4 Qxh4 24. Bc4 Rg6 25. Qf3 Rdd6 26. Kh2 Rdf6 27. Qe2 Bxf2 28. d6 Rxg2+ 29. Kxg2 Qg3+ 30. Kh1 Qxh3# 0-1

[Event "Late-Titled-Tuesday-Blitz-June-25-2024"]
[Site "Chess.com"]
[Date "2024.06.25"]
[Round "6"]
[White "Stanbad1"]
[Black "Talent-OF-Slovenia"]
[Result "1-0"]
[WhiteElo "2739"]
[BlackElo "2462"]
[TimeControl "180+1"]
[EndTime "15:02:28 PDT"]
[Termination "Stanbad1 won by resignation"]

1. d4 d5 2. Nc3 Nf6 3. Bf4 g6 4. e3 Bg7 5. h4 h5 6. Nf3 Bg4 7. Qd2 Bxf3 8. gxf3 e6 9. O-O-O a6 10. e4 Nc6 11.
Qe3 Qd7 12. Bh3 O-O-O 13. Bg5 Ne7 14. Qf4 Neg8 15. exd5 Re8 16. dxe6 fxe6 17. d5 Kb8 18. dxe6 Qc6 19. Rhe1 Ne7 20. Qd4 Qxf3 21. Rd3 Nc6 22.
Rxf3 Nxd4 23. Rxf6 1-0

[Event "Late-Titled-Tuesday-Blitz-June-25-2024"]
[Site "Chess.com"]
[Date "2024.06.25"]
[Round "6"]
[White "klercaku"]
[Black "Cheer_Down"]
[Result "0-1"]
[WhiteElo "2304"]
[BlackElo "2489"]
[TimeControl "180+1"]
[EndTime "15:02:36 PDT"]
[Termination "Cheer_Down won by resignation"]

1. e4 e6 2. d4 d5 3. Nd2 c5 4. dxc5 Bxc5 5. exd5 exd5 6. Nb3 Bb6 7. Nf3 Nf6 8. h3 h6 9. Bd3 O-O 10. O-O Nc6 11.
c3 Ne4 12. Qc2 Re8 13. Bf4 Qf6 14. Bh2 Bxh3 15. gxh3 Qxf3 16. Qe2 Qxh3 17. Qd1 Nxf2 18. Rxf2 Bxf2+ 19. Kxf2 Qxh2+ 20. Kf1 Rad8 21. Qf3 Rd6 22. Bf5 Rf6 23. Rd1 Re5 24. Rxd5 Rxd5 25. Qxd5 Qf4+ 26. Ke2 Qxf5 27. Qxf5 Rxf5 28. Nd2 h5 29. Ne4 Re5 30. Kf3 Rxe4 31. Kxe4 g6 32. Kf3 Kg7 33. Kg3 f5 34. Kh4 Kh6 35. Kg3 g5 36. Kf3 f4 37. Kg2 g4 38.
Kf2 h4 39. Kg2 Kg5 40. Kf2 f3 41. Kg1 Kf4 42. Kf1 g3 43. Kg1 h3 44. Kf1 h2 0-1

[Event "Late-Titled-Tuesday-Blitz-June-25-2024"]
[Site "Chess.com"]
[Date "2024.06.25"]
[Round "6"]
[White "Necromon"]
[Black "Bryanl106"]
[Result "1-0"]
[WhiteElo "2573"]
[BlackElo "2724"]
[TimeControl "180+1"]
[EndTime "15:02:46 PDT"]
[Termination "Necromon won by checkmate"]

1. Nf3 Nf6 2. g3 g6 3. Bg2 Bg7 4. O-O O-O 5. c4 c5 6. d4 cxd4 7. Nxd4 Nc6 8. Nc3 a6 9. Nc2 Rb8 10. Bf4 e5 11. Be3 d6 12. Qd2 Ng4 13. Rfd1 Nxe3 14.
Nxe3 Nd4 15. Ned5 b5 16. e3 Ne6 17. cxb5 axb5 18. b4 h5 19. a4 bxa4 20. Rxa4 h4 21. b5 Nc5 22. Rb4 h3 23. Bf1 Bf5 24. b6 Qd7 25.
Bb5 Qb7 26. Bc6 Qa6 27. Ne7+ Kh7 28. Rh4+ Bh6 29. e4 Kg7 30. Qxh6+ Kf6 31. Ncd5+ Ke6 32. exf5# 1-0

[Event "Late-Titled-Tuesday-Blitz-June-25-2024"]
[Site "Chess.com"]
[Date "2024.06.25"]
[Round "6"]
[White "Winner_7777"]
[Black "Snowball-03"]
[Result "1-0"]
[WhiteElo "2523"]
[BlackElo "2625"]
[TimeControl "180+1"]
[EndTime "15:02:50 PDT"]
[Termination "Winner_7777 won by resignation"]

1. d4 Nf6 2. c4 g6 3. Nc3 Bg7 4. e4 d6 5. Be2 O-O 6. Be3 c5 7. d5 e6 8. Nf3 exd5 9. cxd5 b5 10. e5 dxe5 11. Bxc5 Re8 12. Bxb5 Nbd7 13. Ba3 e4 14.
Nd4 Qb6 15. O-O Ba6 16. Bxa6 Qxa6 17. Qe2 Qb6 18. Nc6 Kh8 19. Qe3 Nxd5 20. Nxd5 Qxc6 21.
Rfd1 Nb6 22. Rac1 Nxd5 23. Rxc6 Nxe3 24. fxe3 Red8 25. Rxd8+ Rxd8 26. Rc7 f5 27. Rxa7 Bh6 28. Bc5 Rd1+ 29. Kf2 Rd2+ 30. Kg3 Re2 31. Ra8+ Kg7 32.
Bf8+ 1-0

[Event "Late-Titled-Tuesday-Blitz-June-25-2024"]
[Site "Chess.com"]
[Date "2024.06.25"]
[Round "6"]
[White "boguszp"]
[Black "glucolisis04"]
[Result "0-1"]
[WhiteElo "1970"]
[BlackElo "2294"]
[TimeControl "180+1"]
[EndTime "15:02:51 PDT"]
[Termination "glucolisis04 won on time"]

1. d4 Nf6 2. Nf3 e6 3. Bf4 c5 4. e3 d5 5. Bb5+ Bd7 6. Bxd7+ Nbxd7 7. O-O Be7 8. Nc3 O-O 9. Qe2 cxd4 10. exd4 a6 11.
Rfd1 Nb6 12. Ne5 Rc8 13. Rac1 Nc4 14. Nxc4 Rxc4 15. Nb1 Qa5 16. Nd2 Rc6 17. a3 Rfc8 18. c3 b5 19. Nf3 Bd6 20. Bxd6 Rxd6 21. Ne5 Qb6 22. Re1 a5 23. f4 Ne4 24. Qh5 Qc7 0-1

[Event "Late-Titled-Tuesday-Blitz-June-25-2024"]
[Site "Chess.com"]
[Date "2024.06.25"]
[Round "6"]
[White "Defenstrator"]
[Black "tarno17"]
[Result "1-0"]
[WhiteElo "2413"]
[BlackElo "2171"]
[TimeControl "180+1"]
[EndTime "15:03:01 PDT"]
[Termination "Defenstrator won on time"]

1. e3 e5 2. Ne2 d5 3. c4 c6 4. Nbc3 Nf6 5. d4 e4 6. Nf4 Bb4 7.
Qb3 Bxc3+ 8. bxc3 O-O 9. Be2 b6 10. O-O Ba6 11. cxd5 Bxe2 12. Nxe2 cxd5 13. c4 dxc4 14.
Qxc4 Nbd7 15. Ng3 Re8 16. f3 Rc8 17. Qb3 Qe7 18. fxe4 Nf8 19. e5 Ng4 20. Nf5 Qe6 21. Nd6 Qxb3 22. axb3 Ne6 23. Rxa7 1-0

[Event "Late-Titled-Tuesday-Blitz-June-25-2024"]
[Site "Chess.com"]
[Date "2024.06.25"]
[Round "6"]
[White "sergeikim"]
[Black "Yurovskykh_Oleksandr"]
[Result "0-1"]
[WhiteElo "2597"]
[BlackElo "2622"]
[TimeControl "180+1"]
[EndTime "15:03:03 PDT"]
[Termination "Yurovskykh_Oleksandr won by resignation"]

1. d4 d5 2. c4 dxc4 3. e3 Nf6 4. Bxc4 e6 5. Nf3 c5 6. O-O Nc6 7. Qe2 cxd4 8. Rd1 Be7 9. exd4 O-O 10. Nc3 Na5 11. Bd3 b6 12. Ne4 Bb7 13. Ne5 Nxe4 14. Bxe4 Bxe4 15. Qxe4 Qd5 16. Qxd5 exd5 17. b3 Rac8 18. Bf4 Ba3 19. Rd2 Bc1 20. h4 Bxd2 21. Bxd2 Rc2 22. Bxa5 bxa5 23. a3 Rfc8 24. b4 Rc1+ 25.
Rxc1 Rxc1+ 26. Kh2 a4 27. b5 Rb1 28. Nc6 Rxb5 29.
Nxa7 Rb3 30. Nc6 Rxa3 31. Ne7+ Kf8 32. Nxd5 Rd3 0-1

[Event "Late-Titled-Tuesday-Blitz-June-25-2024"]
[Site "Chess.com"]
[Date "2024.06.25"]
[Round "6"]
[White "Big_Finky"]
[Black "Sic_Transit_GM"]
[Result "0-1"]
[WhiteElo "2355"]
[BlackElo "2538"]
[TimeControl "180+1"]
[EndTime "15:03:05 PDT"]
[Termination "Sic_Transit_GM won on time"]

1. d4 d5 2. c4 e6 3. Nf3 Nf6 4.
g3 dxc4 5. Bg2 Nc6 6. Qa4 Bb4+ 7. Bd2 Nd5 8. a3 Bxd2+ 9. Nbxd2 c3 10. bxc3 Nxc3 11.
Qb3 Nd5 12. O-O O-O 13. Rfd1 b6 14. e4 Nde7 15. Nc4 Bb7 16. d5 exd5 17. exd5 Nxd5 18. Nfe5 Nxe5 19. Nxe5 c6 20. Nxc6 Bxc6 21. Bxd5 Bxd5 22. Rxd5 Qf6 23. Rad1 Rfe8 24. Rd7 Re2 25. f3 Rae8 26. Rxa7 Rb2 27. Qc4 Qxf3 0-1

[Event "Late-Titled-Tuesday-Blitz-June-25-2024"]
[Site "Chess.com"]
[Date "2024.06.25"]
[Round "6"]
[White "Andrey-Ivanov2011"]
[Black "IngOscarArdila"]
[Result "1-0"]
[WhiteElo "2132"]
[BlackElo "2361"]
[TimeControl "180+1"]
[EndTime "15:03:14 PDT"]
[Termination "Andrey-Ivanov2011 won by resignation"]

1. e4 e5 2. Nf3 Nf6 3. Nxe5 d6 4.
Nf3 Nxe4 5. Nc3 Nf6 6. Bc4 Bg4 7.
h3 Bh5 8. O-O Be7 9. Re1 O-O 10.
d4 Nbd7 11. Bg5 Re8 12. Qd3 c6 13. Bxf6 Nxf6 14. d5 c5 15. Ne4 Bg6 16. Nxf6+ Bxf6 17. Qb3 Qc7 18. c3 a6 19. a4 b6 20. Bxa6 Rxe1+ 21. Rxe1 h6 22. Bb5 Kh7 23. Bc6 Rd8 24. Nd2 Be5 25.
Nc4 Bf6 26. Qxb6 Qxb6 27. Nxb6 Rb8 28. a5 Bd3 29. Re8 Rxe8 30. Bxe8 Bd8 31. c4 Kg8 32. Bb5 Bf5 33. g4 Bd3 34. Kg2 f5 35. Bd7 fxg4 36.
hxg4 Kf8 37. Be6 Ke7 38. Nc8+ Kf6 39. a6 Bxc4 40. a7 1-0

[Event "Late-Titled-Tuesday-Blitz-June-25-2024"]
[Site "Chess.com"]
[Date "2024.06.25"]
[Round "6"]
[White "KaydenTroffChess"]
[Black "Alblooshi_Hamad"]
[Result "1-0"]
[WhiteElo "2808"]
[BlackElo "2314"]
[TimeControl "180+1"]
[EndTime "15:03:15 PDT"]
[Termination "KaydenTroffChess won by resignation"]

1. d4 Nf6 2. Nf3 c5 3. dxc5 e6 4. Be3 Nc6 5. Nbd2 b6 6. cxb6 axb6 7. Nc4 Nd5 8. Bg5 f6 9. e4 Ndb4 10. Be3 b5 11. Ncd2 Bb7 12. c3 Na6 13. Bxb5 Be7 14.
O-O O-O 15. Nc4 Nc7 16. a4 f5 17. Nb6 fxe4 18. Nd4 Rb8 19. Nxd7 Qxd7 20. Nxc6 Bxc6 21. Qxd7 Bxd7 22. Bxd7 Rxb2 23. a5 Na6 24. Bxe6+ Kh8 25. Bc4 Nc5 26. a6 Nxa6 27. Rxa6 Bf6 28. Re6 Bxc3 29.
Rxe4 Bf6 30. g3 Rc8 31. h4 h5 32. Bf7 Rb5 33. Re8+ Rxe8 34. Bxe8 Kg8 35. Bxb5 1-0

[Event "Late-Titled-Tuesday-Blitz-June-25-2024"]
[Site "Chess.com"]
[Date "2024.06.25"]
[Round "6"]
[White "Keithonsky"]
[Black "Seppppppy"]
[Result "1-0"]
[WhiteElo "2615"]
[BlackElo "2401"]
[TimeControl "180+1"]
[EndTime "15:03:19 PDT"]
[Termination "Keithonsky won by resignation"]

1. d4 d5 2. c4 e6 3. Nf3 c6 4. g3 Nf6 5. Nbd2 Be7 6. Bg2 O-O 7. O-O Nbd7 8. Qc2 a6 9. e4 dxe4 10. Nxe4 Nxe4 11. Qxe4 Nf6 12. Qe2 Qc7 13. Bf4 Bd6 14.
Ne5 Nd7 15. Rfd1 Nxe5 16. Bxe5 Bd7 17. c5 Bxe5 18. dxe5 Rfd8 19. Rd6 Be8 20. Rad1 Rxd6 21. cxd6 Qd7 22. Qe3 Rd8 23. Qb6 Qc8 24. f4 Bd7 25. b4 Re8 26. a4 Rd8 27. Rc1 Qb8 28.
b5 cxb5 29. axb5 Rc8 30. Rc7 Bxb5 31. Qxb7 Qxb7 32. Bxb7 Rd8 33. Rc8 Rxc8 34. Bxc8 Kf8 35. Kf2 Ke8 36. Ke3 Kd8 37. Bb7 Kd7 38. Kd4 a5 39.
Kc5 Be2 40. Bc6+ Kd8 41. Kb6 f6 42. Kxa5 fxe5 43. fxe5 g5 44. h4 gxh4 45. gxh4 h5 46. Kb6 Bg4 47. Kc5 Be2 48. Kd4 Bg4 49. Ke3 Bd1 50.
Kf4 Kc8 51. Bf3 Bc2 52. Bxh5 Kd7 53. Bg4 Bh7 54. Kg5 Bg8 55. Kf6 Kc6 56. Bxe6 Bh7 57. Ke7 Kc5 58. d7 1-0

[Event "Late-Titled-Tuesday-Blitz-June-25-2024"]
[Site "Chess.com"]
[Date "2024.06.25"]
[Round "6"]
[White "K_A_S_T_O_R"]
[Black "MKlose11"]
[Result "1-0"]
[WhiteElo "2857"]
[BlackElo "2621"]
[TimeControl "180+1"]
[EndTime "15:03:21 PDT"]
[Termination "K_A_S_T_O_R won by checkmate"]

1. e4 e6 2. d4 d5 3. Nc3 Bb4 4. e5 Ne7 5. Bd2 b6 6. Nb5 Bxd2+ 7.
Qxd2 O-O 8. Bd3 c5 9. c3 Nbc6 10. Nf3 Ba6 11. a4 cxd4 12. cxd4 Na5 13. O-O Nb3 14. Bxh7+ Kh8 15. Qg5 Nf5 16. Qh5 Nh6 17.
Bd3 Nxa1 18. Rxa1 f5 19. Ng5 Qe8 20. Qh4 Bxb5 21. axb5 Qe7 22. Qh5 Qe8 23. Qh4 Qe7 24.
h3 Kg8 25. Qh5 Qe8 26. Qe2 Qe7 27. Qd2 Rfc8 28. Nf3 Nf7 29. Kh2 Rc7 30. Rg1 Rf8 31. g4 fxg4 32. Rxg4 Nh6 33. Qxh6 Rxf3 34. Qh7+ Kf8 35.
Qh8+ Kf7 36. Rxg7# 1-0

[Event "Late-Titled-Tuesday-Blitz-June-25-2024"]
[Site "Chess.com"]
[Date "2024.06.25"]
[Round "6"]
[White "gabduschew"]
[Black "Tonychess32"]
[Result "0-1"]
[WhiteElo "2403"]
[BlackElo "2546"]
[TimeControl "180+1"]
[EndTime "15:03:27 PDT"]
[Termination "Tonychess32 won by resignation"]

1. e4 e6 2. d3 d5 3. Nd2 c5 4.
Ngf3 Nc6 5. g3 dxe4 6. dxe4 e5 7.
Bg2 Nf6 8. Qe2 Be7 9. c3 O-O 10.
O-O Qc7 11. Rd1 h6 12. Nf1 Be6 13.
h4 Rad8 14. Bd2 Qb6 15. Be1 Rxd1 16. Rxd1 Bxa2 17. Ne3 Rd8 18. Rxd8+ Qxd8 19. Nf5 Be6 20. Bh3 Bf8 21. Qb5 Qd7 22. Qe2 g6 23. g4 gxf5 24.
gxf5 Bb3 25. Bd2 Bc2 26. Nh2 Qd3 0-1